 Dungeon Crawl Stone Soup version 0.30.1-11-g7821555f0a (webtiles) character file.

Game seed: 7770056783355898036

132 ratatoskos the Ducker (level 4, 0/21 HPs)
             Began as a Spriggan Air Elementalist on Dec 2, 2023.
             Slain by Natasha (2 damage)
             ... on level 3 of the Dungeon.
             The game lasted 00:06:22 (2616 turns).

ratatoskos the Ducker (Spriggan Air Elementalist)   Turns: 2616, Time: 00:06:23

Health: 0/21       AC:  2    Str:  4    XL:     4   Next: 92%
Magic:  5/10       EV: 17    Int: 20    God:
Gold:   180        SH:  0    Dex: 12    Spells: 5/10 levels left

rFire   + . .        l - +3 dagger of the Sharing Gods {venom, rF+ Will++ Int+2 Dex-3}
rCold   . . .        (no shield)
rNeg    . . .        a - +0 robe
rPois   .            (helmet restricted)
rElec   .            (no cloak)
rCorr   .            (gloves unavailable)
SInv    +            (boots unavailable)
Will    ++...        (no amulet)
Stlth   ++           (no ring)
HPRegen 0.23/turn    (no ring)
MPRegen 0.12/turn

%: no passive effects
@: very slightly contaminated, very quick
A: very small, no large weapons, unfitting armour, see invisible, speed 3
a: no special abilities


You were on level 3 of the Dungeon.
You visited 1 branch of the dungeon, and saw 3 of its levels.

You collected 180 gold pieces.

Inventory:

Hand Weapons
 l - the +3 dagger of the Sharing Gods (weapon) {venom, rF+ Will++ Int+2 Dex-3}
   (You found it on level 2 of the Dungeon)

   Int:       It affects your intelligence (+2).
   Dex:       It affects your dexterity (-3).
   rF:        It protects you from fire.
   Will:      It greatly increases your willpower.
Armour
 a - a +0 robe (worn)
Scrolls
 c - 2 scrolls of magic mapping {unknown}
 f - a scroll of enchant weapon {unknown}
 g - a scroll of fog {unknown}
 h - 6 scrolls of identify {unknown}
 j - 3 scrolls of teleportation {unknown}
 k - a scroll of enchant armour {unknown}
Potions
 b - a potion of magic
 d - a potion of might {unknown}
 e - 2 potions of lignification {unknown}
 i - a potion of ambrosia {unknown}


   Skills:
 + Level 3.8 Dodging
 - Level 3.0 Stealth
 + Level 3.7 Spellcasting
 * Level 2.1 Conjurations
 + Level 3.4 Air Magic


You had 5 spell levels left.
You knew the following spells:

 Your Spells              Type           Power      Damage    Failure   Level
a - Shock                 Conj/Air       56%        1d6       4%          1
b - Airstrike             Air            8%         2d(2-18)  32%         4

Your spell library contained the following spells:

 Spells                   Type           Power      Damage    Failure   Level
 Static Discharge         Conj/Air       28%        2-4/arc   6%          2
 Swiftness                Air            17%        N/A       10%         3


Dungeon Overview and Level Annotations

Branches:
Dungeon (3/15)

Altars:

Annotations:
D:3 Natasha


Innate Abilities, Weirdness & Mutations

You are very small and have problems with some larger weapons.
You are too small for most types of armour.
You have supernaturally acute eyesight. (SInv)
You cover ground extremely quickly. (Speed+++)


Message History

The hobgoblin hits you.
Natasha wildly gestures.
Natasha shimmers violently.
Natasha barely misses you.
You barely miss Natasha.
Natasha is heavily wounded.
The cerulean imp completely misses you. The hobgoblin closely misses you.
Natasha claws you!
Unknown command.
Aiming: Shock (safe; 4% risk of failure)
Press: ? - help, Q - select action Shift-Dir - straight line, p - Natasha The zap hits Natasha.
Natasha is heavily wounded.
The zap hits the cerulean imp.
The cerulean imp resists.
The cerulean imp is lightly wounded.
The cerulean imp hits you from afar with a +2 spear.
* * * LOW HITPOINT WARNING * * *
The hobgoblin barely misses you. Natasha claws you.
* * * LOW HITPOINT WARNING * * *
Unknown command.
Aiming: Shock (safe; 4% risk of failure)
Press: ? - help, Q - select action Shift-Dir - straight line The zap hits Natasha.
Natasha is almost dead.
The zap hits the cerulean imp.
The cerulean imp resists.
The cerulean imp is moderately wounded.
The cerulean imp barely misses you. The hobgoblin barely misses you.
Natasha claws you.
* * * LOW HITPOINT WARNING * * *
Unknown command.
Aiming: Shock (safe; 4% risk of failure)
Press: ? - help, Q - select action Shift-Dir - straight line You miscast Shock.
You are very lightly contaminated with residual magic.
Nothing appears to happen.
The cerulean imp misses you. The hobgoblin closely misses you.
Natasha mumbles some strange words.
Natasha shimmers violently.
Natasha claws you.
You die...

?# #.###.# #.....##
#.#.... #.#...#
####.....#
........?# ####.
###..5###......
##...#[h@g.#
#.S.######......
#...# ####. #...#
#...# #...#
######...#######
...............##
...............#.###


You could see Natasha, a cerulean imp (summoned) and a hobgoblin.

Vanquished Creatures
  Natasha (D:3)
  4 adders
  4 dart slugs (D:1)
  8 ball pythons
  4 bats
  5 endoplasms
  A giant cockroach (D:1)
  8 goblins
  11 hobgoblins
  3 kobolds
  4 quokkas
  2 frilled lizards
  3 rats
58 creatures vanquished.

Notes
Turn   | Place    | Note
-------+----------+-------------------------------------------
     0 | D:1      | ratatoskos the Spriggan Air Elementalist began the quest
                  | for the Orb.
     0 | D:1      | Reached XP level 1. HP: 9/9 MP: 5/5
   190 | D:1      | Reached XP level 2. HP: 7/13 MP: 2/6
   377 | D:1      | Reached skill level 1 in Conjurations
   808 | D:1      | Reached XP level 3. HP: 16/16 MP: 5/8
  1553 | D:2      | Identified the +3 dagger of the Sharing Gods {venom, rF+
                  | Will++ Int+2 Dex-3}
  1840 | D:2      | Found a faded altar of an unknown god.
  1936 | D:2      | Reached XP level 4. HP: 21/21 MP: 8/10
  2081 | D:2      | Learned a level 4 spell: Airstrike
  2526 | D:3      | Noticed Natasha
  2534 | D:3      | Killed Natasha
  2603 | D:3      | Noticed Natasha
  2616 | D:3      | Slain by Natasha

Illustrated notes

Levels and vault maps discovered:
D:1:      roderic_crossed_star, layout_loops_ring, minmay_tetromino_l2
D:2:      cheibrodos_greedy_goblins, layout_basic,
          shapermc_ecumenical_altar_flowoftime, kennysheep_generic_room_10
D:3:      minmay_diamond_boxcup, layout_loops_cross,
          nicolae_tso_swordbearing_angel, uniq_natasha

Skill      XL: |  1  2  3  4 |
---------------+-------------+-----
Air Magic      | 3 |  3.4
Dodging        | 3 |  3.8
Spellcasting   | 3 |  3.7
Conjurations   | 1 2 |  2.1
Stealth        | |  3.0

Action                     |  1- 3 |  4- 6 || total
---------------------------+-------+-------++-------
  Melee: Dagger            |    17 |    12 ||    29
         Unarmed           |     1 |       ||     1
   Cast: Shock             |    88 |    31 ||   119
 Armour: Robe              |     3 |     1 ||     4
  Dodge: Dodged            |    34 |    28 ||    62
